 Dungeon Crawl Stone Soup version 0.26.0-18-gc5c842f807 (webtiles) character file.

Game seed: 16957066313001105601

228 thiole the Sneak (level 6, -1/36 HPs)
             Began as an Octopode Hedge Wizard on Jan 22, 2021.
             Was an Initiate of Gozag.
             Slain by a gnoll
             ... wielding a +0 halberd
              (11 damage)
             ... on level 5 of the Dungeon.
             The game lasted 00:08:08 (5202 turns).

thiole the Sneak (Octopode Hedge Wizard)            Turns: 5202, Time: 00:08:09

Health: -1/36      AC:  1    Str: 10    XL:     6   Next: 2%
Magic:  2/12       EV: 13    Int: 18    God:    Gozag
Gold:   105        SH:  0    Dex: 11    Spells: 7/13 levels left

rFire    . . .     SeeInvis .   a - +0 dagger
rCold    + . .     Faith    .   (no shield)
rNeg     . . .     Spirit   .   b - +0 hat
rPois    +         Reflect  .   (no amulet)
rElec    .         Harm     .   t - ring of poison resistance
rCorr    .         Rampage  .   y - ring of protection from cold
Will     .....                  (no ring)
Stlth    ++++......             (no ring)
HPRegen  0.12/turn              (no ring)
MPRegen  0.13/turn              (no ring)
                                (no ring)
                                (no ring)

@: gold aura
A: almost no armour, stealthy swim, amphibious, 8 rings, constrict 8, camouflage
1, gelatinous body 1
a: Renounce Religion, Potion Petition, Call Merchant, Bribe Branch


You were on level 5 of the Dungeon.
You worshipped Gozag.
Gozag was aware of your devotion.
You visited 2 branches of the dungeon, and saw 6 of its levels.

You collected 189 gold pieces.
You paid 84 gold pieces to Gozag.

Inventory:

Hand Weapons
 a - a +0 dagger (weapon)
 n - a +0 antimagic short sword
Armour
 b - a +0 hat (worn)
Jewellery
 t - a ring of poison resistance (left tentacle)
 y - a ring of protection from cold (right tentacle)
Scrolls
 c - 2 scrolls of teleportation {unknown}
 f - 2 scrolls of enchant weapon {unknown}
 g - a scroll of identify {unknown}
 h - 2 scrolls of magic mapping {unknown}
 j - 2 scrolls of blinking {unknown}
 l - 4 scrolls of remove curse
 o - a scroll of fog {unknown}
 q - a scroll of amnesia {unknown}
 s - a scroll of immolation {unknown}
 v - a scroll of fear {unknown}
Potions
 d - a potion of brilliance {unknown}
 e - 2 potions of lignification {unknown}
 i - 2 potions of attraction {unknown}
 m - a potion of mutation {unknown}
 p - a potion of flight {unknown}
 r - a potion of might {unknown}
 u - 2 potions of invisibility {unknown}
 w - 2 potions of cancellation {unknown}
 x - a potion of degeneration {unknown}


   Skills:
 - Level 2.0 Dodging
 + Level 5.0 Stealth
 + Level 4.0 Spellcasting
 - Level 2.0 Conjurations
 - Level 2.0 Summonings
 - Level 1.0 Translocations
 * Level 3.2 Poison Magic


You had 7 spell levels left.
You knew the following spells:

 Your Spells              Type           Power        Failure   Level
a - Magic Dart            Conj           40%          6%          1
b - Call Imp              Summ           10%          10%         2
c - Mephitic Cloud        Conj/Pois/Air  9%           22%         3

Your spell library contained the following spells:

 Spells                   Type           Power        Failure   Level
 Blink                    Tloc           N/A          14%         2
 Slow                     Hex            3%           22%         2
 Conjure Flame            Conj/Fire      7%           28%         3


Dungeon Overview and Level Annotations

Branches:
Dungeon (5/15)             Temple (1/1) D:4

Altars:
Ashenzari
Elyvilon
Gozag
Nemelex Xobeh
Okawaru
Trog
Yredelemnul
The Shining One


Innate Abilities, Weirdness & Mutations

You cannot wear most types of armour.
You are very stealthy in the water. (Stealth+)
You are amphibious.
You can wear up to eight rings at the same time.
You can use your tentacles to constrict eight enemies at once.
Your skin changes colour to match your surroundings (Stealth+).
Your rubbery body absorbs attacks. (AC +1, EV +1)


Message History

You feel better.
The centaur unwields a +0 shortbow.
The centaur hits you.
You hit the centaur. You squeeze the centaur!
The centaur is moderately wounded.
The centaur hits you.
You hit the centaur. You squeeze the centaur.
The centaur is severely wounded.
The centaur hits you. The gnoll closely misses you. The centaur hits you.
You hit the centaur.
The centaur is almost dead.
The centaur closely misses you. The gnoll completely misses you.
You hit the centaur.
The centaur is almost dead.
The centaur hits you.
* * * LOW HITPOINT WARNING * * *
The gnoll barely misses you. The centaur barely misses you.
You hit the centaur. You squeeze the centaur.
You kill the centaur!
The gnoll hits you from afar with a +0 halberd!
You die...
Your body crumbles into a pile of gold.

#........c####.............<#
#..#.####5#.......##........)
.....#.######.#.##..#.<..##.#.###
#### #............O.#.......#.# #
#.###.#.............###... # #.#
#.#.##.##.#####.......##
#.#.###.#.# .....# #.###...##
#.......#.#####..# #o# ######
#######.#.(g$@...# #.# #
#...######.# .. ##### #.# ##.#
#..# #.## ## #.# #. ##.## #.
#...#### #.


You could see a gnoll.

Vanquished Creatures
  A centaur (D:5)
  A worker ant (D:4)
  A howler monkey skeleton (D:5)
  4 gnolls (D:3)
  4 adders
  An ufetubus (D:3)
  5 worms
  2 dart slugs (D:2)
  2 leopard geckos
  5 orcs
  3 giant cockroaches
  9 goblins
  6 hobgoblins
  12 jackals
  A quokka (D:3)
  A ball python (D:3)
  5 bats
  8 frilled lizards
  11 kobolds
  13 rats
95 creatures vanquished.

Notes
Turn   | Place    | Note
-------+----------+-------------------------------------------
     0 | D:1      | thiole the Octopode Hedge Wizard began the quest for the
                  | Orb.
     0 | D:1      | Reached XP level 1. HP: 11/11 MP: 4/4
   207 | D:1      | Reached XP level 2. HP: 17/17 MP: 1/6
   544 | D:1      | Reached skill level 3 in Stealth
  1022 | D:1      | Reached XP level 3. HP: 21/21 MP: 1/7
  2007 | D:2      | Reached XP level 4. HP: 11/27 MP: 2/9
  2392 | D:2      | Reached skill level 4 in Stealth
  2414 | D:2      | Learned a level 2 spell: Call Imp
  2418 | D:2      | Learned a level 3 spell: Mephitic Cloud
  3070 | D:3      | Reached skill level 1 in Poison Magic
  3519 | D:3      | Reached XP level 5. HP: 25/31 MP: 8/10
  3658 | D:3      | Found an iron altar of Okawaru.
  3658 | D:3      | Found a broken altar of Ashenzari.
  4447 | D:4      | Found a staircase to the Ecumenical Temple.
  4908 | D:5      | Entered Level 5 of the Dungeon
  4926 | Temple   | Entered the Ecumenical Temple
  4940 | Temple   | Became a worshipper of Gozag Ym Sagoz the Greedy
  5011 | D:5      | Noticed an ogre
  5050 | D:5      | Reached skill level 5 in Stealth
  5050 | D:5      | Reached XP level 6. HP: 26/36 MP: 4/12
  5057 | D:5      | Found a sparkling altar of Nemelex Xobeh.
  5202 | D:5      | Slain by a gnoll

Illustrated notes

Levels and vault maps discovered:
D:1:      dpeg_arrival_tiny_f, layout_basic, minmay_misc_feat_four_crosses
D:2:      layout_basic, hex_medium, kennysheep_cross_room, minmay_pentomino_x2
D:3:      layout_loops_cross, amethyst_overflow_temple_binary, kennysheep_boxes
D:4:      layout_loops_ring, nicolae_overflow_crystal_walls,
          minmay_temple_entry_from_below_a
D:5:      layout_loops_cross, kennysheep_mini_moat, minmay_misc_feat_encased
Temple:   chequers_temple_sunken

Skill      XL: |  1  2  3  4  5 |
---------------+----------------+-----
Stealth        | 3 4 5 |  5.0
Conjurations   | 2 |  2.0
Summonings     | 2 |  2.0
Poison Magic   | 1 3 |  3.2
Spellcasting   | 4 |  4.0
Dodging        | |  2.0
Translocations | |  1.0

Action                   |  1- 3 |  4- 6 || total
-------------------------+-------+-------++-------
Melee: Dagger            |    45 |   114 ||   159
       Constrict         |    11 |    22 ||    33
       Tentacles         |     4 |    28 ||    32
 Cast: Magic Dart        |    77 |   111 ||   188
       Mephitic Cloud    |       |     1 ||     1
       Call Imp          |       |     5 ||     5
  Use: Scroll            |       |     1 ||     1
       Potion            |       |     3 ||     3
Armor: Skin              |       |     4 ||     4
Dodge: Dodged            |    23 |    86 ||   109
